 Dungeon Crawl Stone Soup version 0.28-a0-1518-gbe868bca14 (webtiles) character file.

Game seed: 2094021243038316188

95 Pin the Insei (level 4, -4/29 HPs)
             Began as an Octopode Transmuter on Jan 17, 2022.
             Splashed by a jelly's acid (9 damage)
             ... on level 3 of the Dungeon.
             The game lasted 00:08:19 (3649 turns).

Pin the Insei (Octopode Transmuter)                 Turns: 3649, Time: 00:08:19

Health: -4/29      AC: -15   Str:  9    XL:     4   Next: 65%
Magic:  6/7        EV: 17    Int: 15    God:
Gold:   119        SH:  0    Dex: 14    Spells: 2/7 levels left

rFire   . . .      SeeInvis .     - Unarmed
rCold   . . .      Faith    +   (no shield)
rNeg    . . .      Spirit   .   (helmet currently unavailable)
rPois   .          Reflect  .   d - amulet of faith
rElec   .          Harm     .   l - +4 ring of evasion
rCorr   .          Rampage  .   (no ring)
Will    .....                   (no ring)
Stlth   ++........              (no ring)
HPRegen 0.09/turn               (no ring)
MPRegen 0.10/turn               (no ring)
                                (no ring)
                                (no ring)

@: appendages, corroded
A: tentacle spike 3, almost no armour, amphibious, 8 rings, camouflage 1,
gelatinous body 1, (nimble swimmer 1), tentacles
a: End Transformation


You were on level 3 of the Dungeon.
One of your tentacles had grown a beastly spike.
You visited 1 branch of the dungeon, and saw 3 of its levels.

You collected 119 gold pieces.

Inventory:

Missiles
 j - a throwing net
Jewellery
 d - an amulet of faith (around mantle)
 l - a +4 ring of evasion (left tentacle)
Scrolls
 a - a scroll of holy word {unknown}
 b - a scroll of magic mapping {unknown}
 f - a scroll of amnesia {unknown}
 g - 3 scrolls of identify {unknown}
 h - a scroll of teleportation {unknown}
 m - a scroll of summoning {unknown}
Potions
 c - a potion of might {unknown}
 e - a potion of mutation {unknown}
 i - a potion of resistance {unknown}
 k - a potion of heal wounds {unknown}


   Skills:
 - Level 2.2 Fighting
 - Level 2.8 Dodging
 - Level 3.6 Unarmed Combat
 - Level 2.0 Spellcasting
 + Level 2.9 Transmutations
 * Level 0.0 Ice Magic


You had 2 spell levels left.
You knew the following spells:

 Your Spells              Type           Power      Damage    Failure   Level
a - Beastly Appendage     Tmut           20%        N/A       7%          1
b - Ice Form              Ice/Tmut       6%         N/A       75%         4

Your spell library contained the following spells:

 Spells                   Type           Power      Damage    Failure   Level
 Wereblood                Tmut           10%        N/A       10%         2
 Spider Form              Tmut/Pois      5%         N/A       36%         3
 Dazzling Flash           Conj/Hex       2%         N/A       54%         3
 Iskenderun's Mystic Bla  Conj/Tloc      1%         2d3       91%         4
 Starburst                Conj/Fire      0%         6d3       100%        6


Dungeon Overview and Level Annotations

Branches:
Dungeon (3/15)

Altars:
Dithmenos
Kikubaaqudgha
Makhleb
Sif Muna


Innate Abilities, Weirdness & Mutations

One of your tentacles has grown a beastly spike.
You cannot wear most types of armour.
You are amphibious.
You can wear up to eight rings at the same time.
Your skin changes colour to match your surroundings (Stealth+).
Your rubbery body absorbs attacks. (AC +1, EV +1)
((You are camouflaged when in or above water. (Stealth+)))
You have tentacles for arms and can constrict up to eight enemies at once.


Message History

There is an open door here.
You now have 107 gold pieces (gained 11).
Found a stone staircase leading up.
Found a long sword.
g - 3 scrolls labelled EFREGE PYSTRAK (gained 1)
You now have 119 gold pieces (gained 12).
m - a scroll labelled QOACWAEZXO As you open the door, it creaks loudly!
There is an open door here.
Found a stone staircase leading down.
There is a stone staircase leading down here.
A jelly comes into view.
Casting: Beastly Appendage (safe; 7% risk of failure)
Confirm with . or Enter, or press ? or * to list all spells.
One of your tentacles grows a vicious spike.
You tentacle-slap the jelly.
Your tentacles burn!
You squeeze the jelly.
The jelly is severely wounded.
The jelly closely misses you.
You tentacle-slap the jelly. The acid corrodes you!
Your tentacles burn!
The jelly is severely wounded.
The jelly closely misses you.
You tentacle-slap the jelly but do no damage.
The acid corrodes you!
Your tentacles burn!
You pierce the jelly, but do no damage.
The jelly is severely wounded.
The jelly completely misses you.
You tentacle-slap the jelly but do no damage.
The acid corrodes you!
Your tentacles burn!
You pierce the jelly, but do no damage.
You squeeze the jelly.
The jelly is almost dead.
The jelly hits you.
You are splashed with acid!
You are too injured to fight recklessly!
You tentacle-slap the jelly but do no damage.
The acid corrodes you!
Your tentacles burn!
* * * LOW HITPOINT WARNING * * *
The jelly is almost dead.
The jelly hits you.
* * * LOW HITPOINT WARNING * * *
You are splashed with acid!
You die...

............##.#+#.#########
.####..#.#.#................
...........<.........######
.####..#####............#
.####.....##.........#.##
.....#.#...###.#.###...#
####.#.....# #.#.# #####
#.#.....# # #.# #.#.....#
#@# #.#.#...# #J# #.#.#...#
#.. #.#.#...# .... #.#.#...#
..... #.#. #..# .....##
.....#⌠. ......##.. ####


You could see a jelly.

Vanquished Creatures
  3 adders
  3 dart slugs
  An orc (D:3)
  5 endoplasms
  A giant cockroach (D:2)
  8 goblins
  A hobgoblin (D:1)
  3 jackals (D:1)
  9 kobolds
  2 quokkas
  6 ball pythons
  7 bats
  8 frilled lizards (D:1)
  5 rats (D:1)
62 creatures vanquished.

Vanquished Creatures (others)
  8 plants (D:1)
8 creatures vanquished.

Grand Total: 70 creatures vanquished

Notes
Turn   | Place    | Note
-------+----------+-------------------------------------------
     0 | D:1      | Pin the Octopode Transmuter began the quest for the Orb.
     0 | D:1      | Reached XP level 1. HP: 13/13 MP: 3/3
   209 | D:1      | Reached XP level 2. HP: 10/18 MP: 3/5
  1146 | D:1      | Reached XP level 3. HP: 13/23 MP: 6/6
  2220 | D:2      | Identified the +2 robe of Roumm {Fly rF+}
  2518 | D:2      | Reached XP level 4. HP: 14/29 MP: 5/7
  3438 | D:3      | Found a shadowy altar of Dithmenos.
  3447 | D:3      | Found a shimmering blue altar of Sif Muna.
  3465 | D:3      | Found a burning altar of Makhleb.
  3472 | D:3      | Found an ancient bone altar of Kikubaaqudgha.
  3481 | D:3      | Learned a level 4 spell: Ice Form
  3649 | D:3      | Splashed by a jelly's acid

Illustrated notes

Levels and vault maps discovered:
D:1:      scummos_arrival_simple_fountains, layout_loops_ring, serial_forest,
          infiniplex_forest_straight_5, infiniplex_forest_end_2,
          infiniplex_forest_fountain, infiniplex_forest_lined_room_,
          infiniplex_forest_lined_3, infiniplex_forest_corner_1,
          infiniplex_forest_clump_tiny, minmay_lizard_king
D:2:      layout_loops_cross
D:3:      layout_basic, grunt_temple_overflow_cloverleaf, serial_shops, shop,
          hellmonk_ghost_happy_afterlife

Skill      XL: |  1  2  3  4 |
---------------+-------------+-----
Fighting       | 2 |  2.2
Dodging        | |  2.8
Unarmed Combat | |  3.6
Spellcasting   | |  2.0
Transmutations | |  2.9

Action                   |  1- 3 |  4- 6 || total
-------------------------+-------+-------++-------
Melee: Unarmed           |   104 |    33 ||   137
       Constrict         |    23 |    10 ||    33
       Kick              |     8 |     7 ||    15
       Tentacles         |    11 |     7 ||    18
       Punch             |     3 |       ||     3
 Cast: Beastly Appendage |     4 |     6 ||    10
 Stab: Sleeping          |     7 |     4 ||    11
Armor: Skin              |     8 |     1 ||     9
Dodge: Dodged            |    51 |    15 ||    66

Table legend: (Time is in decaauts)
 A = Elapsed time spent in this place.
 B = Non-inter-level travel time spent in this place.
 C = Inter-level travel time spent in this place.
 D = Time resting spent in this place.
 E = Time spent auto-exploring this place.
 F = Levels seen in this place.
 G = Mean time per level.
                   A        B        C        D        E       F      G
               +--------+--------+--------+--------+--------+-----+--------+
         Total |   3640 |   3581 |     59 |    963 |   2117 |   3 | 1213.3 |
       Dungeon |   3640 |   3581 |     59 |    963 |   2117 |   3 | 1213.3 |
               +--------+--------+--------+--------+--------+-----+--------+

Top non-repeatable levels by time:
     D:1: 1958 daAuts
     D:2: 1218 daAuts
     D:3: 463 daAuts
